 Dungeon Crawl Stone Soup version 0.28.0 (webtiles) character file.

Game seed: 5993479253790983042

2 dolemite99 the Digger (level 1, -2/16 HPs)
             Began as a Troll Earth Elementalist on Feb 13, 2022.
             Was a High Priest of Ignis.
             Slain by a gnoll (8 damage)
             ... on level 1 of the Dungeon.
             The game lasted 00:00:31 (230 turns).

dolemite99 the Digger (Troll Earth Elementalist)     Turns: 230, Time: 00:00:31

Health: -2/16      AC:  4    Str: 15    XL:     1   Next: 25%
Magic:  1/1        EV:  9    Int: 11    God:    Ignis [*****.]
Gold:   21         SH:  0    Dex: 10    Spells: 1/2 levels left

rFire   + . .      SeeInvis .   (no weapon)
rCold   . . .      Faith    .   (no shield)
rNeg    . . .      Spirit   .   b - +0 robe
rPois   .          Reflect  .   (helmet restricted)
rElec   .          Harm     .   (no cloak)
rCorr   .          Rampage  .   (gloves unavailable)
Will    .....                   (boots unavailable)
Stlth   +.........              (no amulet)
HPRegen 0.85/turn               (no ring)
MPRegen 0.07/turn               (no ring)

@: no status effects
A: large, unfitting armour, claws 3, regeneration 1, shaggy fur 1, tough skin 1
a: Renounce Religion, Fiery Armour, Foxfire Swarm, Rising Flame


You were on level 1 of the Dungeon.
You worshipped Ignis.
Ignis was extremely pleased with you.
You visited 1 branch of the dungeon, and saw 1 of its levels.

You collected 21 gold pieces.

Inventory:

Missiles
 c - 46 stones
Armour
 b - a +0 robe (worn)
Magical Staves
 e - a staff of death
Jewellery
 d - a +4 ring of evasion
Potions
 a - a potion of curing {unknown}


   Skills:
 - Level 1.5 Dodging
 - Level 1.0 Stealth
 + Level 0.6 Unarmed Combat
 - Level 1.2 Spellcasting
 - Level 0.6 Transmutations
 - Level 2.6 Earth Magic


You had one spell level left.
You knew the following spells:

 Your Spells              Type           Power      Damage    Failure   Level
a - Sandblast             Erth           12%        2d6       11%         1

Your spell library contained the following spells:

 Spells                   Type           Power      Damage    Failure   Level
 Passwall                 Tmut/Erth      3%         N/A       24%         2
 Stone Arrow              Conj/Erth      6%         3d7       50%         3
 Petrify                  Tmut/Erth      4%         N/A       85%         4


Dungeon Overview and Level Annotations

Branches:
Dungeon (1/15)

Altars:
Ignis

Shops:
D:1 (


Innate Abilities, Weirdness & Mutations

You are too large for most types of armour.
You have claws for hands.
Your natural rate of healing is unusually fast.
You are covered in fur. (AC +1)
You have tough skin. (AC +1)


Message History

[Y]es or [N]o only, please.
Really attack while wielding nothing? [Y]es or [N]o only, please.
Really attack while wielding nothing? [Y]es or [N]o only, please.
Really attack while wielding nothing?
Okay, then.
Really attack while wielding nothing? [Y]es or [N]o only, please.
Really attack while wielding nothing?
Okay, then.
A gnoll comes into view. It is wielding a +0 flail.
The gnoll shouts!
The goblin shouts!
Really attack while wielding nothing? [Y]es or [N]o only, please.
Really attack while wielding nothing? [Y]es or [N]o only, please.
Really attack while wielding nothing?
Okay, then.
Really attack while wielding nothing? [Y]es or [N]o only, please.
Really attack while wielding nothing?
Okay, then.
Unknown command.
Really attack while wielding nothing? [Y]es or [N]o only, please.
Really attack while wielding nothing? [Y]es or [N]o only, please.
Really attack while wielding nothing? [Y]es or [N]o only, please.
Really attack while wielding nothing?
You barely miss the gnoll. The gnoll hits you with a +0 flail.
The goblin hits you with a +0 dagger.
You barely miss the gnoll. The gnoll hits you with a +0 flail.
The goblin closely misses you.
You scratch the gnoll.
The gnoll is moderately wounded.
The gnoll hits you with a +0 flail!
Ouch! That really hurt!
You die...

#.#..####.#..#.###.#..#
#.##.......[....#.# .....#
........####.#.##........#
..........##.#.#####...#.#
#........>...#.# ##.##.#
#########.####.# .#. .#
##.####.# # # #...#...###.
#.#.@g.....#
.......#g#####. ####.###.#
#. .. #. ... #. .... ...##
....


You could see a gnoll and a goblin.

Vanquished Creatures
  An endoplasm (D:1)
  A bat (D:1)
2 creatures vanquished.

Notes
Turn   | Place    | Note
-------+----------+-------------------------------------------
     0 | D:1      | dolemite99 the Troll Earth Elementalist began the quest for
                  | the Orb.
     0 | D:1      | Reached XP level 1. HP: 16/16 MP: 1/1
   146 | D:1      | Found a faded altar of an unknown god.
   161 | D:1      | Prayed at the altar of an unknown god.
   161 | D:1      | Became a worshipper of Ignis, the Dying Flame
   165 | D:1      | Found Inaezij's Antique Weapon Emporium.
   230 | D:1      | Slain by a gnoll

Illustrated notes

Levels and vault maps discovered:
D:1:      amcnicky_arrival_blooded_trapdoor, layout_loops_ring,
          basic_ecumenical_altar, serial_shops, nicolae_shop_crystal

Action                   || total
-------------------------++-------
Melee: Unarmed           ||     3
 Cast: Sandblast         ||     2
Armor: Robe              ||     1
Dodge: Dodged            ||     3
